PIO (24 & UNDER)
SASKATOON SMOKIN' GUNS @ SURREY SINNERS
08/23/2027
 
TOP OF THE 1ST
Saskatoon Smokin' Guns batting - Pitching for Surrey Sinners : RHP Juan Fonseca
Pitching: RHP Juan Fonseca
Batting: RHB Pedro Cabrera 0-0: Ball
1-0: Foul Ball, location: 2F
1-1: Ball
2-1: Called Strike
2-2: Foul Ball, location: 2F
2-2: DOUBLE (Line Drive, 89XD)
Batting: RHB Travis Colbert 0-0: Ball
1-0: SINGLE (Groundball, 56) (infield hit)
Pedro Cabrera to third
Batting: RHB César Rodríguez 0-0: Ball
1-0: Ball
2-0: Foul Ball, location: 2F
2-1: Called Strike
2-2: Strikes out looking
Batting: LHB Bo Rush 0-0: Called Strike
0-1: Fly out, F8 (Flyball, 8LM)
Runner from 3rd tags up, SCORES, no throw
Batting: RHB Henry Jackson 0-0: Swinging Strike
0-1: Ball
1-1: Ball
2-1: Foul Ball, location: 2F
2-2: Fly out, F4 (Popup, 4S)
Top of the 1st over - 1 run(s), 2 hit(s), 0 error(s), 1 left on base; Saskatoon 1 - Surrey 0
BOTTOM OF THE 1ST
Surrey Sinners batting - Pitching for Saskatoon Smokin' Guns : RHP Denny Koch
Pitching: RHP Denny Koch
Batting: RHB Mitchell Darragh 0-0: Ball
1-0: Ball
2-0: Ball
3-0: Base on Balls
Batting: LHB Jorge Martínez 0-0: Ball
1-0: Called Strike
1-1: Called Strike
Mitchell Darragh steals 2nd base
1-2: Ball
2-2: Foul Ball, location: 2F
2-2: Ball
3-2: Foul Ball, location: 2F
3-2: SINGLE (Groundball, 6MD)
Mitchell Darragh to third
Runner from 3rd tries for Home, SAFE, no throw
Batting: LHB Randy Wiggins 0-0: Swinging Strike
0-1: Swinging Strike
0-2: Strikes out looking
Batting: LHB Juan Hinojosa 0-0: Ball
Jorge Martínez steals 2nd base
1-0: Ball
2-0: Ball
3-0: Base on Balls
Batting: LHB Iván Espinosa 0-0: Foul Ball, location: 2F
0-1: Foul Ball, location: 2F
0-2: Ball
1-2: Ball
2-2: SINGLE (Groundball, 34D)
Jorge Martínez to third
Juan Hinojosa to second
Runner from 3rd tries for Home, SAFE, no throw
Batting: RHB Jason Nava 0-0: Swinging Strike
0-1: Swinging Strike
0-2: Strikes out swinging
Batting: RHB Clarence Harrison 0-0: Foul Ball, location: 2F
0-1: Ball
1-1: Ball
2-1: Ball
3-1: Base on Balls
Juan Hinojosa to third
Iván Espinosa to second
Batting: RHB Dennis House 0-0: Called Strike
0-1: Foul Ball, location: 2F
0-2: Ball
1-2: Foul Ball, location: 2F
1-2: Ball
2-2: Ball
3-2: Foul Ball, location: 2F
3-2: Base on Balls
Juan Hinojosa scores
Iván Espinosa to third
Clarence Harrison to second
Batting: RHB Mauro Paredes 0-0: Called Strike
0-1: Foul Ball, location: 2F
0-2: Strikes out looking
Bottom of the 1st over - 3 run(s), 2 hit(s), 0 error(s), 3 left on base; Saskatoon 1 - Surrey 3
TOP OF THE 2ND
Saskatoon Smokin' Guns batting - Pitching for Surrey Sinners : RHP Juan Fonseca
Batting: LHB Rubén Salazar 0-0: Called Strike
0-1: Ball
1-1: Ball
2-1: Fly out, F8 (Flyball, 8RM)
Batting: LHB Edgar López 0-0: Called Strike
0-1: Ball
1-1: Foul Ball, location: 2F
1-2: Ball
2-2: Ball
3-2: Foul Ball, location: 2F
3-2: Base on Balls
Batting: RHB Johnny Hawson 0-0: Ball
1-0: Ball
2-0: Grounds into double play, 6-4-3 (Groundball, 6)
Top of the 2nd over - 0 run(s), 0 hit(s), 0 error(s), 0 left on base; Saskatoon 1 - Surrey 3
BOTTOM OF THE 2ND
Surrey Sinners batting - Pitching for Saskatoon Smokin' Guns : RHP Denny Koch
Batting: RHB Mitchell Darragh 0-0: Foul Ball, location: 2F
0-1: Swinging Strike
0-2: SINGLE (Flyball, 8LS)
Batting: LHB Jorge Martínez 0-0: Called Strike
0-1: Fly out, F9 (Flyball, 9LS)
Batting: LHB Randy Wiggins 0-0: Ball
1-0: Swinging Strike
1-1: Foul Ball, location: 2F
1-2: Ball
2-2: Foul Ball, location: 2F
2-2: Fly out, F8 (Flyball, 8LD)
Batting: LHB Juan Hinojosa 0-0: Ball
1-0: Called Strike
1-1: Foul Ball, location: 2F
1-2: Foul Ball, location: 2F
Pickoff Throw to First - Out!
Bottom of the 2nd over - 0 run(s), 1 hit(s), 0 error(s), 0 left on base; Saskatoon 1 - Surrey 3
TOP OF THE 3RD
Saskatoon Smokin' Guns batting - Pitching for Surrey Sinners : RHP Juan Fonseca
Batting: RHB Artie Turner 0-0: Foul Ball, location: 2F
0-1: Ball
1-1: Ball
2-1: Swinging Strike
2-2: Fly out, F7 (Flyball, 78D)
Batting: RHB Pedro Cabrera 0-0: Ball
1-0: Foul Ball, location: 2F
1-1: Called Strike
1-2: Strikes out swinging
Batting: RHB Travis Colbert 0-0: Ball
1-0: Foul Ball, location: 2F
1-1: Foul Ball, location: 2F
1-2: Strikes out swinging
Top of the 3rd over - 0 run(s), 0 hit(s), 0 error(s), 0 left on base; Saskatoon 1 - Surrey 3
BOTTOM OF THE 3RD
Surrey Sinners batting - Pitching for Saskatoon Smokin' Guns : RHP Denny Koch
Batting: LHB Juan Hinojosa 0-0: Called Strike
0-1: Ball
1-1: Ball
2-1: Fly out, F7 (Flyball, 78M)
Batting: LHB Iván Espinosa 0-0: Fly out, F4 (Flyball, 34D)
Batting: RHB Jason Nava 0-0: Ball
1-0: SINGLE (Groundball, 56D)
Batting: RHB Clarence Harrison 0-0: Called Strike
0-1: Ball
1-1: Ball
2-1: Ground out 1-3 (Groundball, P)
Bottom of the 3rd over - 0 run(s), 1 hit(s), 0 error(s), 1 left on base; Saskatoon 1 - Surrey 3
TOP OF THE 4TH
Saskatoon Smokin' Guns batting - Pitching for Surrey Sinners : RHP Juan Fonseca
Batting: RHB César Rodríguez 0-0: Called Strike
0-1: Foul Ball, location: 2F
0-2: Strikes out swinging
Batting: LHB Bo Rush 0-0: Called Strike
0-1: Ball
1-1: Ball
2-1: Ball
3-1: Base on Balls
Batting: RHB Henry Jackson 0-0: Called Strike
0-1: Called Strike
0-2: Ball
1-2: Ball
2-2: Ball
3-2: Strikes out looking
Batting: LHB Rubén Salazar 0-0: SINGLE (Groundball, 4MD)
Bo Rush to second
Batting: LHB Edgar López 0-0: Ball
1-0: Ball
2-0: Foul Ball, location: 2F
2-1: Ball
3-1: Fly out, F3 (Line Drive, 3L)
Top of the 4th over - 0 run(s), 1 hit(s), 0 error(s), 2 left on base; Saskatoon 1 - Surrey 3
BOTTOM OF THE 4TH
Surrey Sinners batting - Pitching for Saskatoon Smokin' Guns : RHP Denny Koch
Batting: RHB Dennis House 0-0: Ball
1-0: Called Strike
1-1: Ground out 4-3 (Groundball, 4)
Batting: RHB Mauro Paredes 0-0: Ball
1-0: Swinging Strike
1-1: Ball
2-1: Fly out, F9 (Flyball, 9S)
Batting: RHB Mitchell Darragh 0-0: Called Strike
0-1: Foul Ball, location: 2F
0-2: SINGLE (Groundball, 56D)
Batting: LHB Jorge Martínez 0-0: Ball
1-0: Called Strike
1-1: Ball
2-1: Ball
3-1: Foul Ball, location: 2F
3-2: Strikes out looking
Bottom of the 4th over - 0 run(s), 1 hit(s), 0 error(s), 1 left on base; Saskatoon 1 - Surrey 3
TOP OF THE 5TH
Saskatoon Smokin' Guns batting - Pitching for Surrey Sinners : RHP Juan Fonseca
Batting: RHB Johnny Hawson 0-0: Called Strike
0-1: Called Strike
0-2: Ball
1-2: Strikes out looking
Batting: RHB Artie Turner 0-0: Ball
1-0: Called Strike
1-1: Swinging Strike
1-2: Strikes out swinging
Batting: RHB Pedro Cabrera 0-0: Ground out 4-3 (Groundball, 4M)
Top of the 5th over - 0 run(s), 0 hit(s), 0 error(s), 0 left on base; Saskatoon 1 - Surrey 3
BOTTOM OF THE 5TH
Surrey Sinners batting - Pitching for Saskatoon Smokin' Guns : RHP Denny Koch
Pitching: RHP Luis Costa
Batting: LHB Randy Wiggins 0-0: Fly out, F7 (Flyball, 7D)
Batting: LHB Juan Hinojosa 0-0: Called Strike
0-1: Ball
1-1: Foul Ball, location: 2F
1-2: Foul Ball, location: 2F
1-2: Foul Ball, location: 2F
1-2: SINGLE (Groundball, 34D)
Batting: LHB Iván Espinosa 0-0: Ball
1-0: Called Strike
1-1: Ball
2-1: Foul Ball, location: 2F
2-2: Foul Ball, location: 2F
2-2: Ball
3-2: Base on Balls
Juan Hinojosa to second
Batting: RHB Jason Nava 0-0: Ball
1-0: Swinging Strike
1-1: Ball
Iván Espinosa steals 2nd base
Juan Hinojosa to third
2-1: Called Strike
2-2: Strikes out swinging
Batting: RHB Clarence Harrison 0-0: Ball
1-0: Fly out, F1 (Line Drive, 13)
Bottom of the 5th over - 0 run(s), 1 hit(s), 0 error(s), 2 left on base; Saskatoon 1 - Surrey 3
TOP OF THE 6TH
Saskatoon Smokin' Guns batting - Pitching for Surrey Sinners : RHP Juan Fonseca
Batting: RHB Travis Colbert 0-0: Swinging Strike
0-1: Ball
1-1: Foul Ball, location: 2F
1-2: Ball
2-2: Strikes out swinging
Batting: RHB César Rodríguez 0-0: Called Strike
0-1: Ball
1-1: Ball
2-1: Foul Ball, location: 2F
2-2: Strikes out looking
Batting: LHB Bo Rush 0-0: Ball
1-0: Called Strike
1-1: Ball
2-1: SINGLE (Flyball, 8LS)
Pitching: LHP Clarence Gill
Batting: RHB Henry Jackson 0-0: Ball
1-0: Swinging Strike
1-1: Ball
2-1: Called Strike
2-2: Fielders Choice at 2nd, U6 (Groundball, 6M)
Top of the 6th over - 0 run(s), 1 hit(s), 0 error(s), 1 left on base; Saskatoon 1 - Surrey 3
BOTTOM OF THE 6TH
Surrey Sinners batting - Pitching for Saskatoon Smokin' Guns : RHP Luis Costa
Batting: RHB Dennis House 0-0: Foul Ball, location: 2F
0-1: Foul Ball, location: 2F
0-2: Ball
1-2: Foul Ball, location: 2F
1-2: Ground out 6-3 (Groundball, 6)
Batting: RHB Mauro Paredes 0-0: Swinging Strike
0-1: Foul Ball, location: 2F
0-2: Ground out 5-3 (Groundball, 56)
Batting: RHB Mitchell Darragh 0-0: Called Strike
0-1: Foul Ball, location: 2F
0-2: Ball
1-2: Strikes out swinging
Bottom of the 6th over - 0 run(s), 0 hit(s), 0 error(s), 0 left on base; Saskatoon 1 - Surrey 3
TOP OF THE 7TH
Saskatoon Smokin' Guns batting - Pitching for Surrey Sinners : LHP Clarence Gill
Batting: LHB Rubén Salazar 0-0: Ball
1-0: Called Strike
1-1: Fly out, F4 (Popup, 4)
Batting: LHB Edgar López 0-0: Ball
1-0: Foul Ball, location: 2F
1-1: Foul Ball, location: 2F
1-2: Foul Ball, location: 2F
1-2: Ball
2-2: Strikes out swinging
Batting: RHB Johnny Hawson 0-0: Fly out, F9 (Flyball, 89S)
Top of the 7th over - 0 run(s), 0 hit(s), 0 error(s), 0 left on base; Saskatoon 1 - Surrey 3
BOTTOM OF THE 7TH
Surrey Sinners batting - Pitching for Saskatoon Smokin' Guns : RHP Luis Costa
Batting: LHB Jorge Martínez 0-0: Ball
1-0: Foul Ball, location: 2F
1-1: Ball
2-1: Ground out 4-3 (Groundball, 4)
Batting: LHB Randy Wiggins 0-0: Swinging Strike
0-1: Ball
1-1: SINGLE (Flyball, 7S)
Batting: LHB Juan Hinojosa 0-0: Ball
1-0: Swinging Strike
1-1: Ball
2-1: Ball
3-1: Foul Ball, location: 2F
3-2: SINGLE (Groundball, 2L) (infield hit)
Randy Wiggins to second
Batting: LHB Iván Espinosa 0-0: Called Strike
0-1: Foul Ball, location: 2F
0-2: Ball
1-2: Hit by Pitch
Randy Wiggins to third
Juan Hinojosa to second
Pinch Hitting: LHB Tony Smith 0-0: Foul Ball, location: 2F
0-1: Foul Ball, location: 2F
0-2: Grounds into fielders choice 4-2 (Groundball, 4)
Juan Hinojosa to third
Iván Espinosa to second
Pinch Hitting: SHB Norberto Muńóz 0-0: Ball
1-0: Ball
2-0: Ball
3-0: Called Strike
3-1: Base on Balls
Juan Hinojosa scores
Iván Espinosa to third
Tony Smith to second
Batting: RHB Dennis House 0-0: Fly out, F7 (Line Drive, 7)
Bottom of the 7th over - 1 run(s), 2 hit(s), 0 error(s), 3 left on base; Saskatoon 1 - Surrey 4
TOP OF THE 8TH
Saskatoon Smokin' Guns batting - Pitching for Surrey Sinners : LHP Clarence Gill
Now at 3B: Eugene Booth
Now at SS: Juan Carlos Mesa
Batting: RHB Artie Turner 0-0: Foul Ball, location: 2F
0-1: Ball
1-1: SINGLE (Flyball, 8LS)
Pitching: RHP Mike Alexander
Batting: RHB Pedro Cabrera 0-0: Foul Ball, location: 2F
0-1: Ball
1-1: Ball
2-1: SINGLE (Groundball, 34S) (infield hit)
Artie Turner to second
Batting: RHB Travis Colbert 0-0: Ball
1-0: Called Strike
1-1: Ball
2-1: Fly out, F8 (Flyball, 8LS)
Batting: RHB César Rodríguez 0-0: Fielders Choice at 2nd, 6-4 (Groundball, 6)
Artie Turner to third
Pitching: LHP Jason Reece
Now at 2B: Marcos Lińares
Batting: LHB Bo Rush 0-0: Called Strike
0-1: Foul Ball, location: 2F
0-2: Ball
1-2: Strikes out swinging
Top of the 8th over - 0 run(s), 2 hit(s), 0 error(s), 2 left on base; Saskatoon 1 - Surrey 4
BOTTOM OF THE 8TH
Surrey Sinners batting - Pitching for Saskatoon Smokin' Guns : RHP Luis Costa
Batting: RHB Mauro Paredes 0-0: Ball
1-0: Foul Ball, location: 2F
1-1: Ground out 5-3 (Groundball, 5)
Batting: RHB Mitchell Darragh 0-0: Foul Ball, location: 2F
0-1: Ball
1-1: Swinging Strike
1-2: Ball
2-2: Foul Ball, location: 2F
2-2: Ball
3-2: Reached on error, E4 (Groundball, 4)
Batting: LHB Jorge Martínez 0-0: Called Strike
0-1: Ball
1-1: Called Strike
1-2: Ball
2-2: Strikes out swinging
Batting: LHB Randy Wiggins 0-0: Ball
1-0: Foul Ball, location: 2F
1-1: Foul Ball, location: 2F
1-2: Ball
2-2: Reached on error, E4 (Groundball, 4)
Mitchell Darragh to third
Batting: LHB Juan Hinojosa 0-0: Ball
1-0: Foul Ball, location: 2F
1-1: Called Strike
1-2: Ground out U3 (Groundball, 3)
Bottom of the 8th over - 0 run(s), 0 hit(s), 2 error(s), 2 left on base; Saskatoon 1 - Surrey 4
TOP OF THE 9TH
Saskatoon Smokin' Guns batting - Pitching for Surrey Sinners : LHP Jason Reece
Pitching: LHP Dalton Hayes
Batting: RHB Henry Jackson 0-0: Called Strike
0-1: Ball
1-1: Ball
2-1: SINGLE (Groundball, 56D)
Batting: LHB Rubén Salazar 0-0: Ball
1-0: Ball
2-0: Ball
3-0: Base on Balls
Henry Jackson to second
Pinch Hitting: RHB Brendon Little 0-0: Ball
1-0: Ball
2-0: Ball
3-0: Called Strike
3-1: Base on Balls
Henry Jackson to third
Rubén Salazar to second
Pinch Hitting: LHB Alejandro Rojas 0-0: Called Strike
0-1: Swinging Strike
0-2: Ball
1-2: Ball
2-2: Ball
3-2: Base on Balls
Henry Jackson scores
Rubén Salazar to third
Brendon Little to second
Pinch Hitting: RHB Julián García 0-0: Ball
1-0: Ball
2-0: Called Strike
2-1: Fly out, F9 (Flyball, 89S)
Batting: RHB Pedro Cabrera 0-0: SINGLE (Line Drive, 3)
Rubén Salazar scores
Brendon Little to third
Alejandro Rojas to second
Runner from 3rd tries for Home, SAFE, throw made at trailing runner, SAFE at third!
Pitching: RHP Ernest Jiménez
Batting: RHB Travis Colbert 0-0: Ball
Pedro Cabrera steals 2nd base
1-0: Ball
2-0: Ground out 6-3 (Groundball, 6)
Batting: RHB César Rodríguez 0-0: Called Strike
0-1: Ball
1-1: Swinging Strike
1-2: Ground out 5-3 (Groundball, 5)
Top of the 9th over - 3 run(s), 2 hit(s), 0 error(s), 2 left on base; Saskatoon 4 - Surrey 4
BOTTOM OF THE 9TH
Surrey Sinners batting - Pitching for Saskatoon Smokin' Guns : RHP Luis Costa
Pitching: RHP Melvin Hicks
Now at C: Ismael Ortíz
Now at 2B: Julián García
Now in CF: Brendon Little
Batting: LHB Iván Espinosa 0-0: Ball
1-0: Called Strike
1-1: Ball
2-1: Ground out 4-3 (Groundball, 4D)
Batting: RHB Eugene Booth 0-0: Called Strike
0-1: Ball
1-1: Ball
2-1: Swinging Strike
2-2: Strikes out swinging
Pinch Hitting: RHB Jorge Barrios 0-0: Ball
1-0: Ball
2-0: Ball
3-0: Base on Balls
Pinch Runner at 1st António Ramos:
Batting: RHB Marcos Lińares 0-0: Called Strike
0-1: Ball
António Ramos steals 2nd base
1-1: Ball
2-1: Called Strike
2-2: Reached on error, E3 (Groundball, 34)
António Ramos to third
Pinch Hitting: LHB Francisco Chavero 0-0: Ball
Marcos Lińares steals 2nd base
1-0: Ball
2-0: Ball
3-0: Called Strike
3-1: Base on Balls
Batting: RHB Mitchell Darragh 0-0: Ball
1-0: Called Strike
1-1: Ball
2-1: Ball
3-1: Base on Balls
António Ramos scores
Marcos Lińares to third
Francisco Chavero to second
Thursday, March 30th, 2017 - OOTP Baseball 17.12 Build 75